 Dungeon Crawl Stone Soup version 0.29.1-13-g9f3cf754e1 (webtiles) character file.

Game seed: 16523040565713800380

133618 TheDoctor the Destroyer (level 16, -1/84 HPs)
             Began as a Spriggan Venom Mage on Feb 11, 2023.
             Was a High Priest of Sif Muna.
             Shot with an arrow by a naga sharpshooter (9 damage)
             ... on level 2 of the Snake Pit.
             The game lasted 02:31:56 (45627 turns).

TheDoctor the Destroyer (Spriggan Venom Mage)      Turns: 45627, Time: 02:31:57

Health: -1/84      AC: 10    Str:  7    XL:     16   Next: 60%
Magic:  24/42      EV: 19    Int: 29    God:    Sif Muna [*****.]
Gold:   2107       SH:  0    Dex: 17    Spells: 6/39 levels left

rFire   + . .      SeeInvis +   v - +9 quarterstaff "Xoky" {distort, rF+ Str+3 Int+6}
rCold   . . .      Faith    .   (shield currently unavailable)
rNeg    . . .      Spirit   .   I - +0 steam dragon scales
rPois   +          Reflect  .   w - +2 hat
rElec   .          Harm     .   x - +2 cloak of the Eagle {Slay+3}
rCorr   .          Rampage  .   (gloves unavailable)
Will    ++...                   (boots unavailable)
Stlth   ++........              q - amulet of magic regeneration
HPRegen 0.24/turn               g - ring of magical power
MPRegen 0.68/turn               H - ring of poison resistance

@: very quick
A: very small, no large weapons, unfitting armour, see invisible, speed 3
a: Renounce Religion, Channel Magic, Forget Spell, Divine Exegesis


You were on level 2 of the Snake Pit.
You worshipped Sif Muna.
Sif Muna was extremely pleased with you.
You visited 5 branches of the dungeon, and saw 25 of its levels.
You also visited: Sewer, Ossuary and Ice Cave.

You collected 2679 gold pieces.
You spent 572 gold pieces at shops.

Inventory:

Hand Weapons
 v - the +9 quarterstaff "Xoky" (weapon) {distort, rF+ Str+3 Int+6}
   (You found it on level 14 of the Dungeon)

   It warps and distorts space around it, and may blink, banish, or inflict
   extra damage upon those it strikes.
   Unwielding it can cause banishment or high damage.
   Str:       It affects your strength (+3).
   Int:       It affects your intelligence (+6).
   rF:        It protects you from fire.
Missiles
 r - 23 poisoned darts
 K - 3 throwing nets
 N - 2 curare-tipped darts
Armour
 w - a +2 hat (worn)
 x - the +2 cloak of the Eagle (worn) {Slay+3}
   (You bought it in a shop on level 15 of the Dungeon)

   Slay:      It affects your accuracy & damage with ranged weapons and melee
   (+3).
 I - +0 steam dragon scales (worn)
Jewellery
 g - a ring of magical power (left hand)
 j - an amulet of regeneration
 q - an amulet of magic regeneration (around neck)
 H - a ring of poison resistance (right hand)
 R - a ring of protection from cold
 Z - a ring of resist corrosion
Wands
 C - a wand of flame (27)
 E - a wand of mindburst (12)
 F - a wand of iceblast (6)
 G - a wand of quicksilver (9)
 L - a wand of paralysis (21)
 U - a wand of digging (27)
 Y - a wand of polymorph (2)
Scrolls
 a - 5 scrolls of poison
 e - a scroll of summoning
 i - 2 scrolls of fear
 k - 3 scrolls of immolation
 m - 6 scrolls of fog
 p - 2 scrolls of identify
 u - 5 scrolls of teleportation
 A - 3 scrolls of torment
 J - 2 scrolls of magic mapping
 O - a scroll of silence
 P - 4 scrolls of blinking
 T - a scroll of vulnerability
Potions
 b - 3 potions of magic
 c - 2 potions of haste
 d - 2 potions of resistance
 f - a potion of invisibility
 l - 14 potions of curing
 n - 7 potions of brilliance
 o - 4 potions of cancellation
 s - 6 potions of heal wounds
 B - 6 potions of lignification
 D - 2 potions of might
 X - 4 potions of flight
Miscellaneous
 h - a lightning rod (4/4)


   Skills:
 - Level 9.2 Fighting
 - Level 5.2 Dodging
 - Level 3.0 Stealth
 + Level 12.2 Spellcasting
 + Level 13.1 Conjurations
 - Level 5.0 Summonings
 - Level 1.3 Transmutations
 - Level 11.7 Fire Magic
 - Level 6.0 Air Magic
 - Level 8.0 Poison Magic
 + Level 11.4 Invocations


You had 6 spell levels left.
You knew the following spells:

 Your Spells              Type           Power      Damage    Failure   Level
a - Sting                 Tmut/Pois      100%       1d8       1%          1
b - Poisonous Vapours     Pois/Air       100%       N/A       1%          2
c - Mephitic Cloud        Conj/Pois/Air  63%        N/A       1%          3
d - Olgreb's Toxic Radia  Pois           59%        N/A       1%          4
e - Summon Lightning Spi  Summ/Air       49%        N/A       3%          4
f - Fireball              Conj/Fire      37%        3d15      1%          5
g - Blink                 Tloc           34%        N/A       4%          2
h - Iskenderun's Battles  Conj           76%        2d12      1%          5
i - Orb of Destruction    Conj           38%        9d11      12%         7

Your spell library contained the following spells:

 Spells                   Type           Power      Damage    Failure   Level
 Summon Small Mammal      Summ           100%       N/A       1%          1
 Call Canine Familiar     Summ           46%        N/A       1%          3
 Dazzling Flash           Conj/Hex       100%       N/A       1%          3
 Ignite Poison            Fire/Tmut/Pois 55%        N/A       1%          3
 Spider Form              Tmut/Pois      44%        N/A       1%          3
 Fulminant Prism          Conj/Hex       27%        3d14      1%          4
 Hailstorm                Conj/Ice       54%        3d12      1%          4
 Sticky Flame             Conj/Fire      74%        2d9       1%          4
 Necrotise                Necr           68%        1d7       3%          1
 Slow                     Hex            68%        N/A       3%          1
 Summon Guardian Golem    Hex/Summ       32%        N/A       3%          3
 Ensorcelled Hibernation  Hex/Ice        34%        N/A       4%          2
 Confusing Touch          Hex            17%        N/A       9%          3
 Frozen Ramparts          Ice            34%        1d6       9%          3
 Gell's Gravitas          Tloc           17%        N/A       9%          3
 Teleport Other           Tloc           17%        N/A       9%          3
 Vampiric Draining        Necr           17%        2d7       9%          3
 Conjure Ball Lightning   Conj/Air       32%        3x3d10    9%          6
 Summon Ice Beast         Ice/Summ       32%        N/A       11%         4
 Alistair's Intoxication  Tmut/Pois      29%        N/A       12%         5
 Ice Form                 Ice/Tmut       21%        N/A       22%         4
 Silence                  Hex/Air        17%        N/A       24%         5
 Animate Dead             Necr           17%        N/A       30%         4
 Cause Fear               Hex            8%         N/A       30%         4
 Dispel Undead            Necr           17%        3d10      30%         4
 Passage of Golubria      Tloc           17%        N/A       30%         4
 Yara's Violent Unravell  Hex/Tmut       10%        3d6       54%         5
 Agony                    Necr           17%        N/A       63%         5
 Borgnjor's Vile Clutch   Necr/Erth      8%         N/A       63%         5
 Manifold Assault         Tloc           17%        N/A       63%         5
 Death Channel            Necr           8%         N/A       99%         6
 Dispersal                Tloc           8%         N/A       99%         6
 Simulacrum               Ice/Necr       8%         N/A       99%         6
 Storm Form               Tmut/Air       19%        N/A       99%         7
 Maxwell's Capacitive Co  Air            26%        ∞         100%        8
 Necromutation            Tmut/Necr      10%        N/A       100%        8


Dungeon Overview and Level Annotations

Branches:
Dungeon (15/15)            Temple (1/1) D:5            Lair (5/5) D:8
 Shoals (0/4) Lair:3        Snake (2/4) Lair:3        Slime (0/5) Lair:5
    Orc (2/2) D:10            Elf (0/3) Orc:2        Vaults (0/5) D:14
 Depths (0/4) D:15          Sewer (visited)         Ossuary (visited)
  IceCv (visited)

Altars:
Ashenzari
Cheibriados
Dithmenos
Elyvilon
Fedhas
Gozag
Hepliaklqana
Kikubaaqudgha
Makhleb
Nemelex Xobeh
Okawaru
Qazlal
Ru
Sif Muna
Trog
Uskayaw
Vehumet
Wu Jian
Xom
Yredelemnul
Zin
The Shining One
Jiyva

Shops:
D:3 :   D:4 ?   D:7 ?   D:10 (   D:15 !:[![   Orc:2 *(=

Annotations:
D:4 exclusion: downstairs
D:7 2 runed translucent doors
D:8 exclusion: downstairs
D:9 exclusion: obsidian statue
D:10 1 runed translucent door, exclusion: acid dragon
D:14 2 transporters, wolfrpgdude's ghost, journeyman MiFi
Snake:2 Louise


Innate Abilities, Weirdness & Mutations

You are very small and have problems with some larger weapons.
You are too small for most types of armour.
You have supernaturally acute eyesight. (SInv)
You cover ground extremely quickly. (Speed+++)


Message History

The fireball explodes!
The fireball engulfs the naga mage!!
You kill the naga mage!
Sif Muna accepts your kill.
The salamander hits you from afar with a +1 halberd.
You are engulfed in flames.
You resist.
Unknown command.
Unknown command.
Unknown command.
The salamander completely misses you.
There is a stone staircase leading up here.
The naga sharpshooter unwields a +0 trident.
The naga sharpshooter wields a +2 shortbow of freezing.
It is covered in frost.
The naga sharpshooter shoots an arrow.
The arrow closely misses you.
Casting: Fireball (dangerous; 1% risk of failure)
Confirm with . or Enter, or press ? or * to list all spells.
Aiming: Fireball (dangerous; 1% risk of failure)
Press: ? - help, Shift-Dir - straight line, f - naga
Aim: a naga, wielding a +0 mace The fireball explodes!
The fireball engulfs the naga!
The naga is moderately wounded.
The fireball engulfs the salamander.
The salamander completely resists.
The salamander is lightly wounded.
You hear a shout!
The salamander hits you from afar with a +1 halberd.
You are engulfed in flames.
You resist.
The naga sharpshooter shoots an arrow.
The arrow hits you!! The arrow freezes you.
Unknown command.
Unknown command.
Unknown command.
Unknown command.
There is a stone staircase leading up here.
The salamander hits you with a +1 halberd!
You are engulfed in flames.
You resist.
The naga sharpshooter casts a spell.
The naga sharpshooter magically shoots an arrow.
The arrow hits you!!
* * * LOW HITPOINT WARNING * * *
The arrow freezes you!
You die...

##........##.#......
#.................<.
#.......[..........
##........)....###
#........)..).#
#.............##
##.....[.......######
#..................####
#......#.@N............
##........N............
##...##...............
#...###......##.....N
#..## ##.##).#.......
#...# ####.>#.......
##.## ###N....... #.#
#.#...... ### ### #...#


You could see a naga sharpshooter, a salamander (poisoned) and a naga.

Vanquished Creatures
  Donald (Snake:1)
  An orc warlord (Orc:2)
  A very ugly thing (IceCv)
  An apis (D:14)
  The ghost of SilverX5502 the Protected, a journeyman MiBe of Trog (Lair:5)
  A dire elephant (Lair:5)
  3 minotaurs
  2 ettins (Orc:2)
  Josephine (D:14)
  2 rakshasas (D:15)
  3 vault guards (D:14)
  2 boulder beetles
  A spriggan zombie (D:15)
  Harold (Lair:2)
  A salamander tyrant (Snake:1)
  7 hydras
  Erica (D:9)
  A catoblepas (Lair:5)
  2 centaur warriors
  3 anacondas
  8 naga warriors
  2 death knights
  A tengu warrior (D:10)
  A deep troll shaman (Lair:5)
  A naga sharpshooter (Snake:1)
  8 two-headed ogres
  13 death yaks
  An alligator (Lair:5)
  An orc high priest (Orc:2)
  Urug (D:12)
  The ghost of Yallendallis the Cleaver, a novice MiFi of Wu Jian (D:10)
  6 skeletal warriors
  Amaemon (D:8)
  3 salamander mystics (Snake:1)
  A flayed ghost (D:15)
  2 naga ritualists (Snake:1)
  A deep elf archer (D:14)
  3 deep elf pyromancers
  9 orc knights
  3 necromancers
  3 mana vipers (Snake:1)
  16 ugly things
  A stone giant zombie (D:15)
  4 orc sorcerers
  3 manticores
  8 salamanders (Snake:1)
  A fire giant zombie (D:15)
  16 elephants
  3 guardian serpents
  28 black mambas
  A merfolk siren (Lair:3)
  3 gargoyles
  A molten gargoyle (Lair:4)
  An orange demon (Lair:1)
  7 cane toads
  7 naga magi
  3 rime drakes
  2 freezing wraiths (D:13)
  2 tengu conjurers
  10 yaktaurs
  8 komodo dragons
  A golden dragon simulacrum (IceCv)
  A guardian mummy (D:15)
  5 polar bears
  7 trolls
  A tarantella (shapeshifter) (D:10)
  2 harpy skeletons (D:14)
  A hornet (D:5)
  9 blink frogs
  9 dream sheep
  2 meliai zombies (D:14)
  14 slime creatures
  A water elemental (D:13)
  A shadow (D:9)
  11 wraiths
  A centaur simulacrum (D:14)
  A dire elephant simulacrum (IceCv)
  33 yaks
  6 wyverns
  2 steam dragons
  6 basilisks
  A redback (shapeshifter) (D:13)
  3 wargs
  A harpy simulacrum (IceCv)
  4 vampire mosquitoes (D:15)
  6 nagas
  3 acid dragons
  10 water moccasins
  A nameless horror (D:12)
  A glowing shapeshifter skeleton (D:15)
  Pargi (Sewer)
  2 ice beasts
  24 orc warriors
  6 black bears
  2 hornet zombies (D:14)
  A sky beast (shapeshifter) (D:15)
  4 alligator simulacra (IceCv)
  3 ogres
  11 wolves
  7 centaurs
  3 phantoms
  4 kobold brigands
  2 gnoll sergeants
  A necrophage (D:6)
  10 bullfrogs
  3 scorpions
  3 wights (D:7)
  6 killer bees
  A lindwurm simulacrum (IceCv)
  An electric eel (Lair:4)
  A vampire bat (Lair:5)
  5 howler monkeys
  5 centaur zombies
  16 jellies
  21 orc priests
  2 hounds
  2 human zombies (Ossuary)
  A gnoll bouda (Orc:1)
  Natasha (twice) (D:3)
  23 orc wizards
  2 hound zombies (Ossuary)
  4 mummies
  32 gnolls
  4 adders
  2 shadow imps
  A white imp (D:8)
  2 ufetubi
  4 adder zombies (Ossuary)
  4 worms
  5 dart slugs
  68 orcs
  9 endoplasms
  9 giant cockroaches
  A gnoll zombie (Ossuary)
  9 goblins
  6 hobgoblins
  12 jackals
  2 quokkas
  10 ball pythons
  23 bats
  5 frilled lizards
  2 goblin zombies (Ossuary)
  4 hobgoblin zombies
  2 jackal zombies (Ossuary)
  13 kobolds
  4 kobold zombies
  2 orc zombies (Ossuary)
  3 quokka zombies (Ossuary)
  10 rats
  6 rat zombies (Ossuary)
808 creatures vanquished.

Vanquished Creatures (collateral kills)
  A cyclops (D:12)
  A black mamba (Lair:5)
2 creatures vanquished.

Vanquished Creatures (others)
  A fire vortex (Lair:4)
  80 fungi
  87 plants
  6 withered plants
174 creatures vanquished.

Grand Total: 984 creatures vanquished

Notes
Turn   | Place    | Note
-------+----------+-------------------------------------------
     0 | D:1      | TheDoctor the Spriggan Venom Mage began the quest for the
                  | Orb.
     0 | D:1      | Reached XP level 1. HP: 9/9 MP: 5/5
   131 | D:1      | Reached XP level 2. HP: 14/14 MP: 0/6
   388 | D:1      | Reached skill level 1 in Fighting
  1073 | D:1      | Reached XP level 3. HP: 18/18 MP: 4/8
  1627 | D:2      | Found a hide-covered altar of Uskayaw.
  1802 | D:2      | Learned a level 2 spell: Poisonous Vapours
  1806 | D:2      | Learned a level 3 spell: Mephitic Cloud
  2363 | D:2      | Reached XP level 4. HP: 23/23 MP: 5/9
  2624 | D:2      | Found a faded altar of an unknown god.
  3404 | D:3      | Noticed Natasha
  3683 | D:3      | Found Mokur's Book Shop.
  3914 | D:3      | Killed Natasha
  4096 | D:3      | Reached XP level 5. HP: 27/27 MP: 8/10
  4715 | D:3      | Noticed Natasha
  4730 | D:3      | Killed Natasha
  5185 | D:4      | Found Xityjop's Magic Scroll Boutique.
  5197 | D:4      | Bought a scroll of teleportation for 36 gold pieces
  5197 | D:4      | Bought a scroll of identify for 24 gold pieces
  6002 | D:5      | Entered Level 5 of the Dungeon
  6002 | D:5      | Noticed a phantom
  6059 | D:5      | Noticed a hornet
  6171 | D:5      | Noticed a black bear
  6177 | D:4      | Reached skill level 5 in Poison Magic
  6262 | D:4      | Killed a black bear
  6263 | D:4      | Reached XP level 6. HP: 19/32 MP: 5/11
  6534 | D:5      | Found a staircase to the Ecumenical Temple.
  6554 | D:5      | Noticed an ice beast
  6590 | D:5      | Found a glowing drain.
  6614 | Sewer    | Entered a sewer
  6818 | Sewer    | Noticed Pargi
  6863 | Sewer    | Killed Pargi
  7004 | D:5      | Found a bloodstained altar of Trog.
  7036 | Temple   | Entered the Ecumenical Temple
  7451 | Temple   | Reached XP level 7. HP: 32/37 MP: 12/12
  7874 | D:5      | Paralysed by a gnoll for 3 turns
  8077 | D:5      | Noticed a steam dragon
  8385 | D:5      | Killed a steam dragon
  8386 | D:5      | Reached skill level 5 in Fighting
  8533 | D:5      | Reached XP level 8. HP: 43/43 MP: 14/14
  8627 | D:5      | Killed a hornet
  8976 | D:6      | Reached skill level 5 in Spellcasting
  9131 | D:6      | Found a sand-covered staircase.
  9156 | Ossuary  | Entered an ossuary
 10451 | D:6      | Reached skill level 1 in Conjurations
 10758 | D:7      | Found an ornate altar of the Wu Jian Council.
 10781 | D:7      | Found a basalt altar of Yredelemnul.
 10813 | D:7      | Reached XP level 9. HP: 48/48 MP: 19/19
 10894 | D:7      | Found a runed translucent door.
 10896 | D:7      | Found a runed translucent door.
 11222 | D:7      | Reached skill level 2 in Conjurations
 11303 | D:7      | Found Wumpotip's Magic Scroll Shoppe.
 11313 | D:7      | Bought a scroll of fog for 44 gold pieces
 11313 | D:7      | Bought a scroll of amnesia for 44 gold pieces
 12372 | D:8      | Found a glowing golden altar of the Shining One.
 12467 | D:7      | Learned a level 4 spell: Olgreb's Toxic Radiance
 12534 | D:8      | Reached skill level 3 in Conjurations
 12596 | D:8      | Reached XP level 10. HP: 14/55 MP: 23/23
 12891 | D:8      | Reached skill level 4 in Conjurations
 13052 | D:8      | Found a staircase to the Lair.
 13630 | D:9      | Noticed Erica
 13723 | D:9      | Found a stormy altar of Qazlal.
 13723 | D:9      | Found a blossoming altar of Fedhas.
 14217 | D:9      | Killed Erica
 14218 | D:9      | Reached skill level 10 in Spellcasting
 14218 | D:9      | Reached skill level 5 in Conjurations
 14353 | D:9      | Noticed an obsidian statue
 15109 | D:9      | Learned a level 4 spell: Summon Lightning Spire
 15176 | D:10     | Entered Level 10 of the Dungeon
 15202 | D:10     | Found a burning altar of Makhleb.
 15213 | D:10     | Found a hide-covered altar of Uskayaw.
 15257 | D:10     | Found a runed translucent door.
 15306 | D:10     | Noticed a two-headed ogre
 15332 | D:10     | Noticed a gargoyle
 15453 | D:10     | Found a staircase to the Orcish Mines.
 15470 | D:10     | Found a shimmering blue altar of Sif Muna.
 15484 | D:10     | Became a worshipper of Sif Muna the Loreminder
 15563 | D:10     | Reached skill level 1 in Air Magic
 15875 | D:10     | Found a hazy altar of Hepliaklqana.
 15922 | D:10     | Reached XP level 11. HP: 52/60 MP: 26/26
 16006 | D:10     | Found Pyvu's Weapon Boutique.
 16059 | D:10     | Noticed Yallendallis's ghost (novice MiFi)
 16066 | D:10     | Found a runed translucent door.
 16084 | D:10     | Found a runed translucent door.
 16392 | D:10     | Noticed a tengu warrior
 16430 | D:10     | Killed a tengu warrior
 16544 | D:10     | Noticed a skeletal warrior
 16850 | D:10     | Noticed a cyan ugly thing
 16862 | D:10     | Reached skill level 6 in Conjurations
 17547 | D:10     | Learned a level 5 spell: Fireball
 17553 | D:10     | Noticed a two-headed ogre
 17563 | D:10     | Killed a two-headed ogre
 17564 | D:10     | Reached skill level 1 in Fire Magic
 17573 | D:10     | Killed a two-headed ogre
 17594 | D:10     | Killed a cyan ugly thing
 17835 | D:11     | Reached * piety under Sif Muna
 17980 | D:11     | Noticed a two-headed ogre
 17980 | D:11     | Noticed a two-headed ogre
 18011 | D:11     | Killed a two-headed ogre
 18017 | D:11     | Killed a two-headed ogre
 18194 | D:11     | You fall into a shaft and drop 1 floor!
 18198 | D:12     | Learned a level 2 spell: Blink
 18451 | D:12     | Noticed a deep elf pyromancer
 18535 | D:12     | Noticed a two-headed ogre
 18563 | D:12     | Reached skill level 5 in Air Magic
 18569 | D:12     | Killed a two-headed ogre
 18570 | D:12     | Reached skill level 7 in Conjurations
 18687 | D:12     | Noticed a boulder beetle
 18716 | D:12     | Killed a boulder beetle
 18829 | D:12     | Noticed a deep elf pyromancer
 18848 | D:12     | Killed a deep elf pyromancer
 18849 | D:12     | Reached XP level 12. HP: 63/66 MP: 22/27
 20546 | D:13     | Noticed Urug
 21335 | D:12     | Killed Urug
 21336 | D:12     | Reached skill level 1 in Summonings
 21725 | D:13     | Reached ** piety under Sif Muna
 21767 | D:13     | Noticed a centaur warrior
 21908 | D:13     | Noticed a six-headed hydra
 21913 | D:13     | Reached skill level 5 in Fire Magic
 22412 | D:13     | Reached skill level 8 in Conjurations
 22529 | D:13     | Killed a centaur warrior
 22819 | D:13     | Noticed a minotaur
 23183 | D:13     | Killed a minotaur
 23552 | D:13     | Noticed a death knight
 23923 | D:13     | Reached *** piety under Sif Muna
 24011 | D:13     | Noticed a minotaur
 24033 | D:13     | Killed a minotaur
 24068 | D:13     | Noticed a death yak
 24075 | D:13     | Noticed a death yak
 24080 | D:13     | Killed a death yak
 24128 | D:13     | Noticed a death yak
 24129 | D:13     | Noticed a death yak
 24147 | D:13     | Reached XP level 13. HP: 70/70 MP: 28/28
 24218 | D:13     | Identified the +0 helmet of Jumot {Regen+ Int+2}
 24527 | Lair:1   | Entered Level 1 of the Lair of Beasts
 24715 | D:8      | Reached skill level 5 in Summonings
 24817 | Lair:1   | Noticed Amaemon
 24854 | D:8      | Reached skill level 9 in Conjurations
 24975 | D:8      | Killed Amaemon
 26471 | Lair:2   | Noticed Harold
 26486 | Lair:2   | Killed Harold
 27021 | Lair:3   | Reached **** piety under Sif Muna
 27034 | Lair:3   | Learned a level 5 spell: Iskenderun's Battlesphere
 27200 | Lair:3   | Identified the +1 scale mail of Saba {rPois MP-9 Dex+3}
 27802 | Lair:3   | Reached skill level 5 in Dodging
 27817 | Lair:3   | Found a staircase to the Shoals.
 28144 | Lair:3   | Found a staircase to the Snake Pit.
 28476 | Lair:3   | Reached skill level 1 in Invocations
 28753 | Lair:4   | Reached skill level 10 in Conjurations
 28933 | Lair:4   | Reached XP level 14. HP: 57/75 MP: 29/29
 29518 | Lair:4   | Identified the +1 leather armour "Fomem" {rC+ rN+ Int-2}
 29980 | Lair:5   | Entered Level 5 of the Lair of Beasts
 30087 | Lair:5   | Found a staircase to the Slime Pits.
 30133 | Lair:5   | Reached ***** piety under Sif Muna
 30245 | Lair:5   | Found a viscous altar of Jiyva.
 31184 | Lair:5   | Reached skill level 5 in Invocations
 31224 | Lair:5   | Noticed SilverX5502's ghost (journeyman MiBe)
 31346 | Lair:5   | Found a runed translucent gate.
 31346 | Lair:5   | Found a runed translucent gate.
 31346 | Lair:5   | Found a runed translucent gate.
 32302 | Lair:5   | Identified the +7 shortbow "Iklinewn" {vorpal, Str-5 Dex+2
                  | Stlth+}
 32568 | Lair:5   | Killed SilverX5502's ghost
 33120 | D:14     | Reached skill level 11 in Conjurations
 33133 | D:14     | Identified the +9 quarterstaff "Xoky" {distort, rF+ Str+3
                  | Int+6}
 33367 | D:13     | Reached skill level 10 in Fire Magic
 33582 | D:14     | Found a transporter.
 33595 | D:14     | Noticed wolfrpgdude's ghost (journeyman MiFi)
 33671 | D:14     | Received a gift from Sif Muna
 33688 | D:14     | Got Sif Muna's Teachings on Interference and Blasphemous
                  | Deeds {god gift}
 34087 | D:14     | Noticed Josephine
 34095 | D:14     | Killed Josephine
 34325 | D:14     | Found a transporter.
 34406 | D:14     | Reached XP level 15. HP: 79/79 MP: 29/30
 34944 | D:14     | Found a glowing golden altar of the Shining One.
 35048 | D:14     | HP: 2/79 [harpy skeleton[a necromancer] (2)]
 36000 | D:14     | Found a gate to the Vaults.
 36223 | D:15     | Entered Level 15 of the Dungeon
 36258 | D:15     | Found Sasaifas's Distillery.
 36279 | D:15     | Bought a potion of degeneration for 16 gold pieces
 36338 | D:15     | Found Beonog's Armour Emporium.
 36699 | D:15     | Found Foq Wod's Distillery.
 36742 | D:15     | Found a frozen archway.
 36760 | IceCv    | Entered an ice cave
 36891 | IceCv    | Found a transporter.
 36900 | IceCv    | Found a transporter.
 37582 | D:15     | Reached skill level 12 in Conjurations
 37757 | D:15     | Found Kehi's Antique Armour Shop.
 37765 | D:15     | Bought a fine cloak for 408 gold pieces
 37765 | D:15     | Identified the +2 cloak of the Eagle {Slay+3} (You bought
                  | it in a shop on level 15 of the Dungeon)
 37776 | D:15     | Found a staircase to the Depths.
 38584 | D:15     | Found Iger's Book Emporium.
 38974 | D:10     | Killed Yallendallis's ghost
 39074 | Orc:1    | Entered Level 1 of the Orcish Mines
 39081 | Orc:1    | Received a gift from Sif Muna
 39084 | Orc:1    | Got Sif Muna's Advanced Theurgy {god gift}
 39412 | Orc:2    | Entered Level 2 of the Orcish Mines
 39510 | Orc:2    | Found a dark tunnel.
 40306 | Orc:2    | Noticed an orc warlord
 40686 | Orc:2    | Killed an orc warlord
 40736 | Orc:2    | Found Uhadduv's Jewellery Boutique.
 40828 | Orc:2    | Found Ocaocw's Antique Armour Boutique.
 40928 | Orc:2    | Found a staircase to the Elven Halls.
 41185 | Orc:2    | Found Dihuc's General Store.
 41200 | Orc:2    | Found Ixacedu's Antique Weapon Boutique.
 41339 | Orc:2    | Learned a level 7 spell: Orb of Destruction
 41663 | D:12     | Reached skill level 10 in Invocations
 41910 | Snake:1  | Entered Level 1 of the Snake Pit
 41916 | Snake:1  | Reached XP level 16. HP: 84/84 MP: 28/31
 43454 | Snake:1  | Received a gift from Sif Muna
 43457 | Snake:1  | Got Sif Muna's Disquisition on Frigid Envenoming {god gift}
 44184 | Snake:1  | Noticed Donald
 44247 | Snake:1  | Killed Donald
 45069 | Snake:2  | Reached skill level 13 in Conjurations
 45589 | Snake:2  | Noticed Louise
 45627 | Snake:2  | Shot with an arrow by a naga sharpshooter

Illustrated notes

Levels and vault maps discovered:
D:1:      dpeg_arrival_line_fractal, layout_basic,
          chequers_serial_rivers_small_a
D:2:      minmay_razor_zed, layout_loops_corners, basic_altar,
          ebering_ecumenical_altar_petrified
D:3:      layout_rooms, serial_shops, nicolae_shop_hallway_stairs, uniq_natasha
D:4:      layout_basic, serial_shops, shop, kennysheep_generic_room_15
D:5:      layout_gridville, nicolae_overflow_hidden_temple,
          minmay_temple_entry_wispy, portal_sewer_entry_b, grunt_ministairs_14,
          serial_park_tiny_1
D:6:      layout_basic, nicolae_ossuary_entry_giza
D:7:      lemuel_insect_pit, layout_cave_pods, grunt_temple_overflow_open,
          serial_shops, nicolae_shop_statue_plus
D:8:      layout_loops_ring, mainiacjoe_overflow_catwalk,
          due_lair_maze_entry_diamond, serial_bayou_crossing
D:9:      layout_small_grid, grunt_temple_overflow_forces_of_nature,
          chequers_decorated_corner, minivault_16, kennysheep_generic_room_13,
          uniq_erica
D:10:     cheibrodos_histonic, layout_loops_ring,
          mainiacjoe_overflow_catwalk_spiral, mainiacjoe_overflow_boulevard,
          nicolae_hepliaklqana_hazy_memory, hellmonk_ghost_happy_afterlife,
          serial_shops, shop_coins
D:11:     layout_roguey
D:12:     layout_basic
D:13:     fort_yaktaur, layout_basic, uniq_urug
D:14:     dreamdust_under_siege, layout_gridville, grunt_vaults_entry_fortified,
          gammafunk_ghost_mausoleum, hangedman_ranch, uniq_josephine
D:15:     gammafunk_depths_entry_grave, layout_small_grid, serial_rivers,
          chequers_serial_rivers_micro_b, chequers_serial_rivers_micro_a,
          chequers_serial_rivers_small_3, chequers_serial_rivers_room_a,
          chequers_serial_rivers_micro_a, serial_shops, nicolae_square_shop,
          nicolae_shop_hallway_plus, nicolae_shop_trees,
          nicolae_inconvenience_store, shop, portal_ice_cave_entry_pillars_2,
          hangedman_decor_push
Temple:   minmay_temple_forest_path
Lair:1:   layout_cave_shapes, serial_bayou_pond_b, uniq_amaemon
Lair:2:   layout_cave_pods, serial_bayou_shore_b, uniq_harold
Lair:3:   layout_regular_city, minmay_shoals_entry_lonely_mermaid,
          small_statue_intersection
Lair:4:   layout_gridlike
Lair:5:   grunt_lair_end_beastmaster, layout_layer_cave,
          minmay_slime_entry_jelly_boxes, maelrawn_ghost_gauntlet_escape,
          roderic_batcave, lemuel_fruit_fields
Snake:1:  layout_onion_interference, nicolae_snake_salamander_fort, uniq_donald
Snake:2:  layout_grid_shapes, uniq_louise
Orc:1:    dreamdust_dug_too_deep, layout_diamond_mine, serial_shops
Orc:2:    grunt_orc_cross, layout_diamond_mine, lightli_volcano_entry_magma_tube

Skill      XL: |  1  2  3  4  5  6  7  8  9 10 11 12 13 14 15 16 |
---------------+-------------------------------------------------+-----
Fighting       | 1 2 3 4 5 6 7 8 9 |  9.2
Poison Magic   | 4 5 6 7 8 |  8.0
Spellcasting   | 3 6 8 10 12 | 12.2
Conjurations   | 1 3 5 7 8 10 11 12 13 | 13.1
Air Magic      | 1 5 6 |  6.0
Fire Magic     | 3 6 8 10 11 | 11.7
Summonings     | 4 5 |  5.0
Dodging        | 5 |  5.2
Invocations    | 2 7 10 11 | 11.4
Stealth        | |  3.0
Transmutations | |  1.3

Action                   |  1- 3 |  4- 6 |  7- 9 | 10-12 | 13-15 | 16-18 || total
-------------------------+-------+-------+-------+-------+-------+-------++-------
Melee: Spear             |    29 |    49 |   403 |   111 |       |       ||   592
       Punch             |       |       |     3 |     2 |     1 |       ||     6
       Scimitar          |       |       |       |    65 |    87 |       ||   152
       Quarterstaff      |       |       |       |       |    65 |    14 ||    79
 Cast: Sting             |    73 |   149 |   207 |   445 |   331 |    32 ||  1237
       Poisonous Vapours |       |     6 |    19 |    80 |    85 |    40 ||   230
       Mephitic Cloud    |       |     1 |     8 |    75 |    35 |     8 ||   127
       Olgreb's Toxic Ra |       |       |     3 |    49 |   152 |    12 ||   216
       Summon Lightning  |       |       |       |     7 |     8 |       ||    15
       Fireball          |       |       |       |    17 |   362 |   129 ||   508
       Blink             |       |       |       |     2 |     6 |     8 ||    16
       Iskenderun's Batt |       |       |       |       |     4 |       ||     4
       Orb of Destructio |       |       |       |       |     1 |     2 ||     3
Invok: Channel Magic     |       |       |       |       |     2 |     1 ||     3
Evoke: Wand              |       |       |     7 |    25 |     2 |       ||    34
  Use: Scroll            |       |     3 |     6 |     6 |    12 |     3 ||    30
       Potion            |       |     1 |       |     1 |     5 |     1 ||     8
 Stab: Sleeping          |     2 |     1 |     7 |       |       |       ||    10
       Paralysed         |       |       |       |    12 |       |       ||    12
       Confused          |       |       |       |     3 |     2 |       ||     5
Armor: Robe              |     2 |    19 |       |       |       |       ||    21
       Steam dragon scal |       |       |    68 |    27 |    82 |    16 ||   193
       Acid dragon scale |       |       |       |     4 |       |       ||     4
Dodge: Dodged            |    31 |    76 |   182 |   156 |   349 |    69 ||   863
